AoeStats
← Maximus Johnson

Arena

507644952Analyzed
3v3 RM · 13d ago on Sep 19, 2026· 61m 13s· 6 players
Game mode
Random Map
Map size
Normal (6 player)
Population
200
Speed
Normal
Resources
Standard
Victory
Conquest
Starting age
Dark Age
Ending age
Imperial Age
RankedLock teamsTeams togetherTeam positionsShared explorationLock speedFull tech treeHidden civsTurbo modeCheats
Victory
Defeat
🇧🇷 Ethiopians · Brazil
927
+14
🇧🇷 Celts · Brazil
860
+17
🇧🇷 Franks · Brazil
856
+17
🇺🇸 Byzantines · United States
973
-56
🇪🇨 Saracens · Ecuador
887
-16
🇨🇦 Ethiopians · Canada
783
-12
eduardolure
11:52 Loom
13:59 Feudal Age
16:05 Wheelbarrow
18:24 Castle Age
16:15 Double-Bit Axe
21:22 Fletching
31:31 Bow Saw
31:03 Horse Collar
32:32 Gold Mining
33:41 Fortified Wall
38:40 Imperial Age
41:22 Chemistry
42:33 Bow Saw
43:30 Torsion Engines
43:52 Conscription
44:13 Ballistics
43:51 Murder Holes
46:59 Bodkin Arrow
50:00 Heavy Scorpion
53:32 Town Watch
54:03 Hand Cart
56:18 Bracer
59:03 Two-Man Saw
Bon Clay
11:07 Feudal Age
20:28 Castle Age
18:55 Scale Barding Armor
19:01 Forging
25:42 Chain Barding Armor
31:15 Iron Casting
30:31 Fletching
30:41 Padded Archer Armor
30:43 Scale Mail Armor
32:59 Bodkin Arrow
33:25 Husbandry
32:53 Crossbowman
36:48 #83
40:09 Imperial Age
38:09 Pikeman
39:09 Chain Mail Armor
40:46 Leather Archer Armor
41:23 Wheelbarrow
40:48 Elite Skirmisher
42:52 Chemistry
41:21 Cavalier
43:42 Plate Barding Armor
44:08 Blast Furnace
45:29 Plate Mail Armor
48:34 Paladin
55:11 Elite Throwing Axeman
58:22 Capped Ram
Emporio Ivankov
11:54 Feudal Age
15:33 Double-Bit Axe
17:56 Castle Age
16:43 Horse Collar
25:00 Pikeman
35:33 Wheelbarrow
40:58 Imperial Age
42:05 Siege Engineers
42:22 Ballistics
42:43 Conscription
45:19 Gold Mining
45:19 Stone Mining
47:10 Chemistry
46:56 Heavy Scorpion
47:12 Capped Ram
48:38 Fortified Wall
49:43 Furor Celtica
50:11 Siege Ram
55:33 Gold Shaft Mining
55:14 Bow Saw
Genghis Mike
0:29 Loom
10:12 Feudal Age
10:46 Town Watch
12:54 Horse Collar
18:19 Castle Age
25:13 Bimaristan
31:34 Squires
35:44 Gambesons
37:46 Pikeman
39:43 Stone Mining
40:56 Gold Mining
47:00 Caravan
56:06 Imperial Age
53:45 Scale Barding Armor
53:50 Forging
53:40 Scale Mail Armor
53:41 Padded Archer Armor
53:31 Fletching
53:47 Heavy Plow
53:33 Double-Bit Axe
57:56 Onager
Sir Raze
11:09 Feudal Age
12:09 Double-Bit Axe
17:45 Castle Age
16:56 Horse Collar
17:14 Gold Mining
18:00 Stone Mining
18:12 Loom
20:36 Wheelbarrow
20:05 Heavy Plow
22:26 Fletching
26:16 Hand Cart
32:04 Bow Saw
32:59 Hand Cart
34:25 Gold Shaft Mining
36:15 Royal Heirs
36:28 Scale Mail Armor
36:39 Forging
38:14 Arson
41:06 Imperial Age
39:38 Town Watch
41:41 Town Patrol
41:09 Elite Shotel Warrior
41:17 Capped Ram
43:22 Two-Man Saw
42:56 Conscription
44:28 Chemistry
43:49 Ballistics
43:53 Chain Mail Armor
44:13 Iron Casting
43:34 Bodkin Arrow
43:39 Padded Archer Armor
44:38 Halberdier
46:09 Siege Ram
55:21 Plate Mail Armor
55:52 Blast Furnace
54:52 Bracer
55:08 Leather Archer Armor
57:08 Heavy Scorpion
Maximus Johnson
10:18 Feudal Age
12:49 Wheelbarrow
13:37 Loom
16:18 Castle Age
14:36 Horse Collar
14:54 Double-Bit Axe
27:26 Sanctity
29:54 Hand Cart
30:55 Heavy Plow
30:57 Elite Skirmisher
32:01 Fletching
32:11 Padded Archer Armor
36:28 Imperial Age
35:17 Gold Mining
36:09 Leather Archer Armor
35:50 Bodkin Arrow
36:07 Thumb Ring
38:14 Chemistry
37:48 Ring Archer Armor
45:16 Bracer
45:47 Ballistics
49:50 Pikeman
Connection lost

Rejoining the realm…

Still unreachable

The connection could not be restored.

Session expired

The server has moved on; the page needs a fresh start.